 Dungeon Crawl Stone Soup version 0.30-a0-793-g160f7cfddd (console) character file.

Game seed: 17522230000193341969

159 petzl the Sneak (level 5, -4/41 HPs)
             Began as a Formicid Delver on Feb 19, 2023.
             Succumbed to an orc's poison
             ... on level 3 of the Dungeon.
             The game lasted 00:13:14 (2708 turns).

petzl the Sneak (Formicid Delver)                   Turns: 2708, Time: 00:13:15

Health: -4/41      AC:  3    Str: 16    XL:     5   Next: 68%
Magic:  10/10      EV: 12    Int: 12    God:
Gold:   154        SH:  0    Dex: 15    Spells: 4/10 levels left

rFire   . . .      SeeInvis +    a - +0 quarterstaff
rCold   . . .      Faith    .    (no shield)
rNeg    . . .      Spirit   .    b - +0 leather armour
rPois   .          Reflect  .    (helmet unavailable)
rElec   .          Harm     .    (no cloak)
rCorr   .          Rampage  .    (no gloves)
Will    +....                    (no boots)
Stlth   +++                      (no amulet)
HPRegen 0.26/turn                k - ring of willpower
MPRegen 0.12/turn                (no ring)

@: lethally poisoned (-4 -> -38)
A: permanent stasis, dig shafts and tunnels, antennae 3, four strong arms
a: Dig, Shaft Self


You were on level 3 of the Dungeon.
You visited 1 branch of the dungeon, and saw 6 of its levels.

You collected 154 gold pieces.

Inventory:

Hand Weapons
 a - a +0 quarterstaff (weapon)
Missiles
 h - 2 curare-tipped darts
 l - 38 stones (quivered)
 o - 6 poisoned darts
Armour
 b - a +0 leather armour (worn)
Jewellery
 k - a ring of willpower (left hand)
Wands
 f - a wand of digging (3)
 t - a wand of polymorph (13)
Scrolls
 c - a scroll of fog
 d - 2 scrolls of magic mapping
 e - a scroll of fear
 j - 4 scrolls of identify
 p - a scroll of enchant armour
Potions
 g - 3 potions of haste
 i - a potion of heal wounds {unknown}
 m - a potion of ambrosia {unknown}
 n - a potion of mutation {unknown}
 q - a potion of flight {unknown}
 r - a potion of berserk rage {unknown}
 s - a potion of lignification {unknown}


   Skills:
 - Level 3.2 Fighting
 - Level 2.0 Maces & Flails
 - Level 1.7 Dodging
 - Level 6.0 Stealth
 * Level 3.4 Spellcasting
 + Level 1.7 Air Magic
 + Level 2.9 Poison Magic


You had 4 spell levels left.
You knew the following spells:

 Your Spells              Type           Power      Damage    Failure   Level
a - Poisonous Vapours     Pois/Air       14%        N/A       17%         2
p - Passage of Golubria   Tloc           2%         N/A       96%         4

Your spell library contained the following spells:

 Spells                   Type           Power      Damage    Failure   Level
 Sting                    Tmut/Pois      20%        1d4       16%         1
 Tukima's Dance           Hex            2%         N/A       65%         3
 Olgreb's Toxic Radiance  Pois           9%         N/A       65%         4
 Yara's Violent Unravell  Hex/Tmut       1%         3d3       100%        5


Dungeon Overview and Level Annotations

Branches:
Dungeon (6/15)             Temple (0/1) D:4

Altars:
Cheibriados
Nemelex Xobeh
Qazlal
Ru
Xom
Yredelemnul
Zin
The Shining One

Shops:
D:1 !   D:4 :

Annotations:
D:2 Sigmund
D:3 Natasha
D:4 exclusions: scorpion and water moccasin
D:5 exclusion: downstairs, Menkaure


Innate Abilities, Weirdness & Mutations

You cannot be hasted, slowed, berserked, paralysed or teleported.
You can dig through walls and to a lower floor.
You have a pair of large antennae on your head. (SInv)
Your four strong arms can wield two-handed weapons with a shield.


Message History

An orc comes into view. It is wielding a +1 dagger of venom.
Things that are here:
a +0 dagger {!f =f}; an orc corpse The orc shouts!
You sock the orc!
You kill the orc!
You hit the orc.
The orc is heavily wounded.
The orc hits you with a +0 hand axe.
You hit the orc.
You kill the orc!
The orc hits you with a +1 dagger of venom.
You are poisoned.
You hit the orc.
The orc is severely wounded.
You feel very sick.
The orc hits you with a +1 dagger of venom.
You are more poisoned.
You closely miss the orc.
The orc is severely wounded.
You feel very sick.
The orc hits you with a +1 dagger of venom.
You are lethally poisoned!
You closely miss the orc.
The orc is severely wounded.
You feel extremely sick.
The orc hits you with a +1 dagger of venom.
* * * LOW HITPOINT WARNING * * *
You are more poisoned.
You hit the orc but do no damage.
The orc is severely wounded.
* * * LOW HITPOINT WARNING * * *
You feel extremely sick.
The orc hits you with a +1 dagger of venom.
* * * LOW HITPOINT WARNING * * *
You are more poisoned.
The orc barely misses you.
It was a potion of haste.
Your stasis prevents you from being hasted.
You die...

####...oo...............o...
##....######...##############
#..#### #{..# #...... ##.##
######### #)..... #..#
#.....# #...... #.## #.....#
#...... #)# #.....# #......
#)# #.....# #.....(
##.#######†....# #?.....
#>.............# #......
#.########.....# #...... #.#
#.....# ###.... .#.#
######.....# #.... ###.#.#
........#### #.... #..
#.##.#####..## #....
#.###....### #...#
#..............#.####
#.#.############.@oo#######
#.#.# ####r....... ....#
##....... .#### ....... .#
....... .# ....... .# .......
.# ....... # .# ..##.## # .#
######## ## .......# #.......
#...... #.....> # .......# #
##..... ## ....... .#
.#.....#


You could see 2 orcs and a rat.

Vanquished Creatures
  An orc wizard (D:3)
  Robin (D:2)
  2 adders
  A worm (D:2)
  2 dart slugs
  8 orcs
  5 ball pythons
  5 endoplasms
  3 giant cockroaches (D:1)
  13 goblins
  9 hobgoblins
  3 jackals (D:2)
  7 kobolds
  3 quokkas
  7 bats
  7 frilled lizards
  7 rats
84 creatures vanquished.

Notes
Turn   | Place    | Note
-------+----------+-------------------------------------------
     0 | D:5      | petzl the Formicid Delver began the quest for the Orb.
     0 | D:5      | Reached XP level 1. HP: 18/18 MP: 1/1
    66 | D:6      | Noticed a wight
   192 | D:5      | Noticed Menkaure
   298 | D:5      | Reached skill level 1 in Spellcasting
   298 | D:5      | Reached XP level 2. HP: 15/24 MP: 1/4
   431 | D:4      | Found Enoruopp's Book Emporium.
   518 | D:4      | Noticed a water moccasin
   552 | D:4      | Found a staircase to the Ecumenical Temple.
   553 | D:4      | Noticed a scorpion
   618 | D:3      | Learned a level 2 spell: Poisonous Vapours
   637 | D:3      | Identified the +1 mace of the World {venom, rElec}
   777 | D:3      | Noticed Natasha
   804 | D:2      | Reached XP level 3. HP: 29/29 MP: 6/6
   832 | D:1      | Found Oshruqirph's Distillery.
   865 | D:1      | Reached skill level 1 in Poison Magic
  1127 | D:1      | Reached XP level 4. HP: 35/35 MP: 7/7
  1201 | D:1      | Reached skill level 1 in Air Magic
  1233 | D:2      | Noticed Robin
  1753 | D:2      | Noticed Sigmund
  2014 | D:2      | Learned a level 4 spell: Passage of Golubria
  2035 | D:2      | Killed Robin
  2036 | D:2      | Reached XP level 5. HP: 34/41 MP: 9/9
  2078 | D:2      | Found a faded altar of an unknown god.
  2400 | D:3      | Found a basalt altar of Yredelemnul.
  2402 | D:3      | Found a glowing silver altar of Zin.
  2403 | D:3      | Found a snail-covered altar of Cheibriados.
  2410 | D:3      | Found a shimmering altar of Xom.
  2413 | D:3      | Found a stormy altar of Qazlal.
  2417 | D:3      | Found a sacrificial altar of Ru.
  2418 | D:3      | Found a sparkling altar of Nemelex Xobeh.
  2420 | D:3      | Found a glowing golden altar of the Shining One.
  2708 | D:3      | Succumbed to an orc's poison

Illustrated notes

Levels and vault maps discovered:
D:1:      minmay_arrival_glassed_features, layout_basic, serial_shops, shop
D:2:      layout_loops_cross, chequers_ecumenical_altar_simple_redux,
          solitary_fountain, uniq_robin, uniq_sigmund
D:3:      layout_basic, nicolae_overflow_hallway_of_the_gods, uniq_natasha
D:4:      kennysheep_slugbush, layout_basic, minmay_temple_entry_stoned_glass,
          serial_shops, nicolae_stop_n_shop_2,
          minmay_fractal_squares_diagonal_5, uniq_pikel
D:5:      layout_basic, general_overflow_altar,
          mainiacjoe_overflow_divided_tiny, uniq_menkaure
D:6:      layout_basic, nicolae_gozag_seed_capital

Skill      XL: |  1  2  3  4 |
---------------+-------------+-----
Spellcasting   | 1 2 3 |  3.4
Poison Magic   | 1 2 |  2.9
Air Magic      | 1 |  1.7
Fighting       | |  3.2
Maces & Flails | |  2.0
Dodging        | |  1.7
Stealth        | |  6.0

Action                     |  1- 3 |  4- 6 || total
---------------------------+-------+-------++-------
  Melee: Quarterstaff      |    79 |   125 ||   204
         Punch             |       |     2 ||     2
  Throw: Dart              |       |     1 ||     1
         Stone             |       |    13 ||    13
Ability: Dig               |       |     1 ||     1
    Use: Scroll            |       |     2 ||     2
         Potion            |       |     1 ||     1
   Stab: Sleeping          |     6 |     8 ||    14
         Distracted        |       |     1 ||     1
 Armour: Leather armour    |    25 |    33 ||    58
  Dodge: Dodged            |    62 |    99 ||   161

Table legend: (Time is in decaauts)
 A = Elapsed time spent in this place.
 B = Non-inter-level travel time spent in this place.
 C = Inter-level travel time spent in this place.
 D = Time resting spent in this place.
 E = Time spent auto-exploring this place.
 F = Levels seen in this place.
 G = Mean time per level.
                   A        B        C        D        E       F      G
               +--------+--------+--------+--------+--------+-----+--------+
         Total |   2762 |   2625 |    137 |    306 |   1065 |   6 |  460.3 |
       Dungeon |   2762 |   2625 |    137 |    306 |   1065 |   6 |  460.3 |
               +--------+--------+--------+--------+--------+-----+--------+

Top non-repeatable levels by time:
     D:2: 1066 daAuts
     D:1: 687 daAuts
     D:5: 394 daAuts
     D:3: 360 daAuts
     D:4: 152 daAuts
     D:6: 99 daAuts
